 Dungeon Crawl Stone Soup version 0.28.0-43-g3370ac3207 (webtiles) character file.

Game seed: 3236588841726536296

5055 fknight the Protected (level 10, -1/123 HPs)
             Began as a Gnoll Berserker on Mar 5, 2022.
             Was an Elder of Trog.
             Slain by Snorg (2 damage)
             ... on level 10 of the Dungeon on Mar 6, 2022.
             The game lasted 00:59:37 (10340 turns).

fknight the Protected (Gnoll Berserker)            Turns: 10340, Time: 00:59:38

Health: -1/123     AC: 22    Str: 18    XL:     10   Next: 56%
Magic:  18/18      EV:  5    Int:  6    God:    Trog [****..]
Gold:   375        SH: 14    Dex: 15    Spells: 19/19 levels left

rFire   + + .      SeeInvis .   a - +8 lance "Wyrmbane" {slay drac, rPois rF+ rC+ AC+3}
rCold   . . .      Faith    .   h - +0 tower shield
rNeg    . . .      Spirit   .   R - +0 plate armour
rPois   +          Reflect  .   I - +0 helmet
rElec   .          Harm     .   J - +0 cloak
rCorr   .          Rampage  .   H - +0 pair of gloves
Will    +....                   K - +0 pair of boots
Stlth   ..........              (no amulet)
HPRegen 0.30/turn               E - ring of willpower
MPRegen 0.16/turn               t - ring of fire

@: berserking, hasted, studying Armour, very quick
A: fangs 1, strong nose, distributed training
a: Renounce Religion, Berserk, Trog's Hand, Brothers in Arms


You were on level 10 of the Dungeon.
You worshipped Trog.
Trog was greatly pleased with you.
You visited 1 branch of the dungeon, and saw 10 of its levels.

You collected 375 gold pieces.

Inventory:

Hand Weapons
 a - the +8 lance "Wyrmbane" (weapon) {slay drac, rPois rF+ rC+ AC+3}
   (You acquired it on level 3 of the Dungeon)

   It inflicts extra damage against dragons and draconians.
   AC:        It affects your AC (+3).
   rF:        It protects you from fire.
   rC:        It protects you from cold.
   rPois:     It protects you from poison.
 b - the +4 hunting sling of Slime {vorpal, rC+}
   (You found it on level 5 of the Dungeon)

   Any ammunition fired from it inflicts extra damage upon your enemies.
   rC:        It protects you from cold.
 e - a +1 whip of distortion
 k - a +2 dagger of draining
 m - a +0 dagger of protection
 s - a +6 battleaxe
 w - a +2 rapier of draining
 y - a +0 rapier of draining
 L - a +1 battleaxe
 P - a +2 dagger of chaos
 Q - a +1 vampiric war axe
 U - a +2 dagger of venom
 W - a +3 dagger
Missiles
 d - 377 stones (quivered)
 i - 3 silver boomerangs
 n - 106 sling bullets
 u - 21 poisoned darts
 x - 3 curare-tipped darts
 z - 4 javelins
 D - 5 throwing nets
Armour
 h - a +0 tower shield (worn)
 H - a +0 pair of gloves (worn)
 I - a +0 helmet (worn)
 J - a +0 cloak (worn)
 K - a +0 pair of boots (worn)
 O - a +2 leather armour of cold resistance
 R - a +0 plate armour (worn)
Jewellery
 t - a ring of fire (right hand)
 E - a ring of willpower (left hand)
Wands
 c - a wand of acid (1)
 l - a wand of charming (16)
 q - a wand of iceblast (11)
 v - a wand of mindburst (18)
 F - a wand of paralysis (4)
 G - a wand of flame (1)
Scrolls
 g - 3 scrolls of teleportation
 o - 2 scrolls of fog
 V - a scroll of silence {unknown}
 X - 2 scrolls of identify
Potions
 f - 3 potions of curing
 j - a potion of heal wounds
 p - a potion of mutation {unknown}
 r - 4 potions of haste
 A - a potion of berserk rage
 B - a potion of flight
 C - a potion of resistance
 M - a potion of cancellation {unknown}
Miscellaneous
 S - a piece from Xom's chessboard (15/15)


   Skills:
 + Level 8.6 Fighting
 + Level 5.4 Short Blades
 + Level 5.4 Long Blades
 + Level 5.4 Axes
 + Level 5.4 Maces & Flails
 + Level 8.6 Polearms
 + Level 5.4 Staves
 + Level 5.4 Slings
 + Level 5.4 Bows
 + Level 5.4 Crossbows
 + Level 5.4 Throwing
 + Level 9.1 Armour
 + Level 7.1 Dodging
 + Level 5.4 Stealth
 + Level 5.4 Shields
 + Level 5.4 Unarmed Combat
 + Level 5.4 Spellcasting
 + Level 4.4 Conjurations
 + Level 4.4 Hexes
 + Level 4.4 Summonings
 + Level 4.4 Necromancy
 + Level 4.4 Translocations
 + Level 4.4 Transmutations
 + Level 4.4 Fire Magic
 + Level 4.4 Ice Magic
 + Level 4.4 Air Magic
 + Level 4.4 Earth Magic
 + Level 4.4 Poison Magic
 + Level 5.9 Invocations
 + Level 5.4 Evocations


You had 19 spell levels left.
You didn't know any spells.
Your spell library was empty.

Dungeon Overview and Level Annotations

Branches:
Dungeon (10/15)            Temple (0/1) D:7
   Lair: D:8-11         Orc: D:9-12

Altars:
Cheibriados
Hepliaklqana
Makhleb
Nemelex Xobeh
Ru
Xom

Shops:
D:3 [   D:4 (   D:8 *

Annotations:
D:10 Snorg


Innate Abilities, Weirdness & Mutations

You have very sharp teeth.
Your uncanny sense of smell can sniff out nearby items.
Your experience applies equally to all skills.


Message History

Snorg is moderately wounded.
Snorg bites you. Snorg claws you but does no damage. Snorg claws you.
You block Snorg's attack. Snorg claws you but does no damage.
You block Snorg's attack.
You feel yourself speed up. Snorg barely misses you. Snorg claws you.
Snorg claws you but does no damage. Snorg bites you but does no damage.
You block Snorg's attack. Snorg claws you!
A red film seems to cover your vision as you go berserk!
You feel yourself moving faster!
You feel mighty!
You puncture Snorg!
Snorg is heavily wounded.
You block Snorg's attack. x2; Snorg claws you.
You block Snorg's attack. Snorg claws you. Snorg claws you!
You puncture Snorg!
Snorg is heavily wounded.
You completely miss Snorg.
Snorg is heavily wounded.
Snorg bites you but does no damage. You block Snorg's attack.
Snorg barely misses you.
You closely miss Snorg.
Snorg is heavily wounded.
Snorg bites you!
* * * LOW HITPOINT WARNING * * *
Snorg claws you.
* * * LOW HITPOINT WARNING * * *
You block Snorg's attack.
You puncture Snorg!
Snorg is severely wounded.
Snorg bites you!
* * * LOW HITPOINT WARNING * * *
Snorg completely misses you.
You block Snorg's attack. x2; Snorg claws you.
* * * LOW HITPOINT WARNING * * *
Snorg claws you.
* * * LOW HITPOINT WARNING * * *
You are too berserk!
You are too berserk!
You puncture Snorg! You bite Snorg.
Snorg is severely wounded.
Snorg bites you but does no damage. You block Snorg's attack. Snorg claws you.
You die...

∆ .# ...# ..#
..#######.
#########.........
........#.........
.......<#........#
........'........+
##.####.#.@......#
#.###T.....# ...
......# ....
.(.<..# ......
......# .......
......#
........#>.....+
....(.#


You could see Snorg (berserk).

Vanquished Creatures
  Harold (D:8)
  4 yaks (D:8)
  A wraith (D:9)
  A wyvern (D:9)
  Menkaure (D:4)
  2 water moccasins
  2 orc warriors
  The ghost of boopmooplesden the Covered, an amateur MiFi (D:3)
  An ice beast (D:5)
  A black bear (D:4)
  5 ogres
  2 necrophages
  A centaur (D:5)
  A phantom (D:4)
  3 kobold brigands
  2 bullfrogs
  A wyvern zombie (D:8)
  A scorpion (D:6)
  A water moccasin zombie (D:5)
  3 water moccasin skeletons
  5 wights (D:7)
  6 killer bees (D:9)
  3 electric eels (D:8)
  2 howler monkeys
  A crimson imp (D:7)
  A bullfrog zombie (D:6)
  2 centaur zombies
  A jelly (D:4)
  3 hounds
  3 orc priests
  2 iguanas
  2 orc wizards
  A hound zombie (D:3)
  Robin (D:4)
  A gnoll (D:2)
  A howler monkey zombie (D:6)
  2 howler monkey skeletons
  4 adders
  2 shadow imps (D:6)
  4 white imps
  An adder skeleton (D:3)
  A worm (D:2)
  2 dart slugs
  21 orcs
  9 endoplasms
  2 giant cockroaches
  19 goblins
  9 hobgoblins
  2 quokkas
  3 training dummies (D:4)
  6 ball pythons
  A ball python zombie (D:3)
  5 bats
  2 frilled lizards
  A jackal skeleton (D:3)
  15 kobolds
  4 rats
185 creatures vanquished.

Vanquished Creatures (others)
  An orc (D:8)
  2 fungi (D:3)
  2 plants (D:3)
  A withered plant (D:3)
6 creatures vanquished.

Grand Total: 191 creatures vanquished

Notes
Turn   | Place    | Note
-------+----------+-------------------------------------------
     0 | D:1      | fknight the Gnoll Berserker began the quest for the Orb.
     0 | D:1      | Reached XP level 1. HP: 23/23 MP: 1/1
    94 | D:1      | Reached XP level 2. HP: 26/29 MP: 2/2
   626 | D:2      | Reached ** piety under Trog
   627 | D:2      | Reached XP level 3. HP: 31/35 MP: 3/3
   707 | D:2      | Reached skill level 1 in Invocations
   928 | D:2      | You fall into a shaft and drop 1 floor!
  1206 | D:2      | Found a faded altar of an unknown god.
  1374 | D:2      | Reached skill level 1 in Short Blades
  1374 | D:2      | Reached skill level 1 in Long Blades
  1374 | D:2      | Reached skill level 1 in Axes
  1374 | D:2      | Reached skill level 1 in Maces & Flails
  1374 | D:2      | Reached skill level 1 in Staves
  1374 | D:2      | Reached skill level 1 in Slings
  1374 | D:2      | Reached skill level 1 in Bows
  1374 | D:2      | Reached skill level 1 in Crossbows
  1374 | D:2      | Reached skill level 1 in Throwing
  1374 | D:2      | Reached skill level 1 in Stealth
  1374 | D:2      | Reached skill level 1 in Shields
  1374 | D:2      | Reached skill level 1 in Unarmed Combat
  1374 | D:2      | Reached skill level 1 in Spellcasting
  1374 | D:2      | Reached skill level 1 in Evocations
  1674 | D:2      | Reached XP level 4. HP: 38/41 MP: 5/5
  1903 | D:2      | Noticed an ogre
  1910 | D:2      | Killed an ogre
  1911 | D:2      | Reached skill level 5 in Armour
  1911 | D:2      | Reached skill level 1 in Conjurations
  1911 | D:2      | Reached skill level 1 in Hexes
  1911 | D:2      | Reached skill level 1 in Summonings
  1911 | D:2      | Reached skill level 1 in Necromancy
  1911 | D:2      | Reached skill level 1 in Translocations
  1911 | D:2      | Reached skill level 1 in Transmutations
  1911 | D:2      | Reached skill level 1 in Fire Magic
  1911 | D:2      | Reached skill level 1 in Ice Magic
  1911 | D:2      | Reached skill level 1 in Air Magic
  1911 | D:2      | Reached skill level 1 in Earth Magic
  1911 | D:2      | Reached skill level 1 in Poison Magic
  1911 | D:2      | Reached XP level 5. HP: 47/47 MP: 5/7
  2546 | D:3      | Identified a scroll of acquirement
  2546 | D:3      | Acquired the +8 lance "Wyrmbane" {slay drac, rPois rF+ rC+
                  | AC+3}
  2546 | D:3      | Found the +8 lance "Wyrmbane" {slay drac, rPois rF+ rC+
                  | AC+3}
  2663 | D:3      | Reached XP level 6. HP: 50/53 MP: 8/8
  2725 | D:3      | Found a runed translucent gate.
  2725 | D:3      | Found a runed translucent gate.
  2725 | D:3      | Found a runed translucent gate.
  2727 | D:3      | Noticed boopmooplesden's ghost (amateur MiFi)
  3034 | D:3      | Found Etto's Antique Armour Shop.
  3343 | D:3      | Reached skill level 5 in Dodging
  3347 | D:3      | Reached *** piety under Trog
  3350 | D:3      | Killed boopmooplesden's ghost
  3351 | D:3      | Reached XP level 7. HP: 59/59 MP: 8/10
  3656 | D:4      | Reached skill level 6 in Armour
  3855 | D:4      | Noticed Robin
  3872 | D:4      | Killed Robin
  4072 | D:4      | Found a snail-covered altar of Cheibriados.
  4114 | D:4      | Reached XP level 8. HP: 67/67 MP: 12/12
  4137 | D:4      | Noticed Menkaure
  4156 | D:4      | Killed Menkaure
  4391 | D:4      | Found Xicikuc's Firing Range.
  4574 | D:5      | Entered Level 5 of the Dungeon
  4584 | D:5      | Identified the +4 hunting sling of Slime {vorpal, rC+}
  5370 | D:5      | Found a sparkling altar of Nemelex Xobeh.
  5493 | D:5      | Reached skill level 7 in Armour
  5629 | D:6      | Reached XP level 9. HP: 68/72 MP: 14/14
  5698 | D:6      | Reached **** piety under Trog
  6703 | D:7      | Found a staircase to the Ecumenical Temple.
  7007 | D:7      | Found a shimmering altar of Xom.
  7007 | D:7      | Found a burning altar of Makhleb.
  7765 | D:8      | Reached skill level 8 in Armour
  8137 | D:8      | Reached skill level 5 in Invocations
  8447 | D:8      | Reached XP level 10. HP: 69/80 MP: 17/17
  8599 | D:8      | Noticed Harold
  8620 | D:8      | Killed Harold
  8621 | D:8      | Reached skill level 5 in Short Blades
  8621 | D:8      | Reached skill level 5 in Long Blades
  8621 | D:8      | Reached skill level 5 in Axes
  8621 | D:8      | Reached skill level 5 in Maces & Flails
  8621 | D:8      | Reached skill level 5 in Staves
  8621 | D:8      | Reached skill level 5 in Slings
  8621 | D:8      | Reached skill level 5 in Bows
  8621 | D:8      | Reached skill level 5 in Crossbows
  8621 | D:8      | Reached skill level 5 in Throwing
  8621 | D:8      | Reached skill level 5 in Stealth
  8621 | D:8      | Reached skill level 5 in Shields
  8621 | D:8      | Reached skill level 5 in Unarmed Combat
  8621 | D:8      | Reached skill level 5 in Spellcasting
  8621 | D:8      | Reached skill level 5 in Evocations
  8694 | D:8      | Found Owkidug's Overcharged Wands.
  9405 | D:9      | Reached skill level 9 in Armour
  9546 | D:9      | Found a sacrificial altar of Ru.
  9546 | D:9      | Found a hazy altar of Hepliaklqana.
 10318 | D:10     | Entered Level 10 of the Dungeon
 10323 | D:10     | Noticed Snorg
 10339 | D:10     | HP: 6/123 [Snorg (5)]
 10339 | D:10     | HP: 1/123 [Snorg (5)]
 10340 | D:10     | Slain by Snorg

Illustrated notes

Levels and vault maps discovered:
D:1:      dpeg_arrival_round_a, layout_rooms, minmay_misc_feat_secret_circle
D:2:      layout_basic, chequers_ecumenical_altar_island, minivault_26,
          minmay_misc_feat_square, minmay_increasing_density
D:3:      cheibrodos_greedy_goblins, layout_basic,
          gammafunk_ghost_nasty_kobolds, serial_shops, shop, serial_undead,
          serial_undead_c, serial_undead_d, serial_undead_e, serial_undead_e
D:4:      layout_rooms, kennysheep_slug_shrine, nicolae_shop_firing_range,
          uniq_menkaure, uniq_robin
D:5:      layout_basic, kennysheep_mini, minmay_misc_feat_more_columns,
          palyth_stone_intersect
D:6:      layout_basic, minmay_fractal_squares_5
D:7:      layout_basic, grunt_temple_overflow_champion_of_chaos,
          minmay_temple_entry_waves
D:8:      layout_basic, grunt_ministairs_5, nicolae_shop_overcharged_wands,
          uniq_harold
D:9:      layout_gridville, gammafunk_temple_overflow_elements,
          minmay_misc_feat_tiny
D:10:     layout_gridville, uniq_snorg

Skill      XL: |  1  2  3  4  5  6  7  8  9 10 |
---------------+-------------------------------+-----
Invocations    | 1 2 3 4 5 |  5.9
Short Blades   | 1 2 3 4 5 |  5.4
Long Blades    | 1 2 3 4 5 |  5.4
Axes           | 1 2 3 4 5 |  5.4
Maces & Flails | 1 2 3 4 5 |  5.4
Staves         | 1 2 3 4 5 |  5.4
Slings         | 1 2 3 4 5 |  5.4
Bows           | 1 2 3 4 5 |  5.4
Crossbows      | 1 2 3 4 5 |  5.4
Throwing       | 1 2 3 4 5 |  5.4
Stealth        | 1 2 3 4 5 |  5.4
Shields        | 1 2 3 4 5 |  5.4
Unarmed Combat | 1 2 3 4 5 |  5.4
Spellcasting   | 1 2 3 4 5 |  5.4
Evocations     | 1 2 3 4 5 |  5.4
Armour         | 5 6 7 8 9 |  9.1
Conjurations   | 1 2 3 4 |  4.4
Hexes          | 1 2 3 4 |  4.4
Summonings     | 1 2 3 4 |  4.4
Necromancy     | 1 2 3 4 |  4.4
Translocations | 1 2 3 4 |  4.4
Transmutations | 1 2 3 4 |  4.4
Fire Magic     | 1 2 3 4 |  4.4
Ice Magic      | 1 2 3 4 |  4.4
Air Magic      | 1 2 3 4 |  4.4
Earth Magic    | 1 2 3 4 |  4.4
Poison Magic   | 1 2 3 4 |  4.4
Dodging        | 5 6 7 |  7.1
Fighting       | 7 8 |  8.6
Polearms       | 7 8 |  8.6

Action                   |  1- 3 |  4- 6 |  7- 9 | 10-12 || total
-------------------------+-------+-------+-------+-------++-------
Melee: Spear             |   114 |    39 |       |       ||   153
       Punch             |     3 |     1 |     4 |       ||     8
       Bite              |     7 |     8 |    28 |     7 ||    50
       Lance             |       |    47 |   294 |    90 ||   431
 Fire: Hunting sling     |       |     6 |    34 |    22 ||    62
Throw: Stone             |    49 |    51 |    68 |       ||   168
Invok: Berserk           |       |     1 |       |     2 ||     3
  Use: Scroll            |       |     5 |     8 |     2 ||    15
       Potion            |       |       |       |     1 ||     1
Armor: Ring mail         |    40 |     8 |       |       ||    48
       Scale mail        |       |     3 |     6 |       ||     9
       Chain mail        |       |       |   100 |       ||   100
       Plate armour      |       |       |     9 |    70 ||    79
Dodge: Dodged            |    46 |    26 |    78 |    16 ||   166
Block: Buckler           |       |       |    16 |       ||    16
       Tower shield      |       |       |    35 |    92 ||   127
